 Dungeon Crawl Stone Soup version 0.32-a0-891-gc41d80381e (webtiles) character file.

Game seed: 7201671953373323452

34 blueford the Grave Robber (level 3, -6/26 HPs)
             Began as a Human Necromancer on Apr 3, 2024.
             Mangled by Sigmund
             ... wielding a +0 scythe
              (10 damage)
             ... on level 2 of the Dungeon.
             The game lasted 00:22:15 (2068 turns).

blueford the Grave Robber (Human Necromancer)       Turns: 2068, Time: 00:22:15

Health: -6/26      AC:  3    Str:  8    XL:     3   Next: 31%
Magic:  6/6        EV: 10    Int: 17    God:
Gold:   71         SH:  0    Dex: 13    Spells: 2/6 levels left

rFire   + + .        m - +0 short sword
rCold   x . .        (no shield)
rNeg    . . .        q - +0 leather armour
rPois   .            (no helmet)
rElec   .            (no cloak)
rCorr   .            (no gloves)
SInv    .            (no boots)
Will    .....        (no amulet)
Stlth   ++           j - ring of protection from fire
HPRegen 0.24/turn    l - ring of fire
MPRegen 0.10/turn

%: no passive effects
@: no status effects
A: explore regen
a: no special abilities


You were on level 2 of the Dungeon.
You visited 1 branch of the dungeon, and saw 2 of its levels.

You collected 71 gold pieces.

Inventory:

Hand Weapons
 m - a +0 short sword (weapon)
Missiles
 f - 12 stones
 r - 3 boomerangs
Armour
 h - a +0 ring mail
 q - a +0 leather armour (worn)
Jewellery
 j - a ring of protection from fire (left hand)
 l - a ring of fire (right hand)
Scrolls
 d - 2 scrolls of identify
Potions
 b - a potion of magic
 k - a potion of heal wounds {unknown}
 o - a potion of cancellation {unknown}
 p - a potion of curing {unknown}


   Skills:
 + Level 1.0 Fighting
 + Level 0.4 Short Blades
 + Level 0.4 Armour
 + Level 2.2 Dodging
 + Level 2.3 Stealth
 + Level 2.0 Spellcasting
 + Level 4.4 Necromancy


You had 2 spell levels left.
You knew the following spells:

 Your Spells              Type           Power      Damage    Failure   Level
a - Necrotise             Necr           64%        1d7       4%          1
b - Vampiric Draining     Necr           16%        2d7       13%         3

Your spell library contained the following spells:

 Spells                   Type           Power      Damage    Failure   Level
 Animate Dead             Necr           16%        N/A       41%         4
 Curse of Agony           Necr           16%        N/A       77%         5


Dungeon Overview and Level Annotations

Branches:
Dungeon (2/15)

Altars:

Annotations:
D:2 Sigmund


Innate Abilities, Weirdness & Mutations

You regain HP and MP as you explore.


Message History

You see here a kobold corpse.
Casting: Necrotise (safe; 4% risk of failure)
Confirm with . or Enter, or press ? or * to list all spells.
Aiming: Necrotise (safe; 4% risk of failure)
Press: ? - help, Shift-Dir - straight line, f - Sigmund
Aim: Sigmund, wielding a +0 scythe and wearing a +2 robe of resistance (chance to affect: 80%) Sigmund barely resists.
Casting: Necrotise (safe; 4% risk of failure)
Confirm with . or Enter, or press ? or * to list all spells.
Aiming: Necrotise (safe; 4% risk of failure)
Press: ? - help, Shift-Dir - straight line, f/p - Sigmund
Aim: Sigmund, wielding a +0 scythe and wearing a +2 robe of resistance (chance to affect: 80%) Sigmund barely resists.
Sigmund attacks as he pursues you! Sigmund misses you.
You see here a frilled lizard corpse.
An endoplasm comes into view.
Sigmund mumbles some strange words.
Sigmund flickers and vanishes!
Deactivating autopickup; reactivate with Ctrl-A.
The endoplasm quivers.
A magic dart appears from out of thin air!
The magic dart hits you. Something hits you. Something hits you!
* * * LOW HITPOINT WARNING * * *
You miss something. The endoplasm barely misses you.
You hit the endoplasm.
The endoplasm is lightly wounded.
Something hits you.
* * * LOW HITPOINT WARNING * * *
The endoplasm hits you but does no damage.
You hit the endoplasm but do no damage.
The endoplasm is lightly wounded.
The endoplasm freezes you.
You are frozen.
* * * LOW HITPOINT WARNING * * *
You hit the endoplasm.
The endoplasm is moderately wounded.
Something hits you!
You die...

.....#.#.#...#.#######.# # #
.##........###.#.......#
.###.#.#.#.....#.#########
.###.......#####.#........
.....#.#.#..#..#.#.# #####..
.###........#..#.#.####.......
.# ###.#..#.#..#.#..†.).....#
.# #.#..#.#....{.####.###.# ..
#.#.##.#.##@#.# ... .# #.#..
#..J.#.# .#.# .. .# ######.#
.#.# . ..# .# . ..# .# # #..#
.. .# #..# .# #..# .#


You could see an endoplasm.

Vanquished Creatures
  3 endoplasms
  2 giant cockroaches (D:1)
  8 hobgoblins
  3 kobolds
  3 quokkas
  3 ball pythons
  2 frilled lizards
  3 goblins
  3 rats
30 creatures vanquished.

Notes
Turn   | Place    | Note
-------+----------+-------------------------------------------
     0 | D:1      | blueford the Human Necromancer began the quest for the Orb.
     0 | D:1      | Reached XP level 1. HP: 13/13 MP: 3/3
   427 | D:1      | Reached XP level 2. HP: 19/19 MP: 5/5
  1750 | D:2      | Reached XP level 3. HP: 15/25 MP: 6/6
  1774 | D:2      | Learned a level 3 spell: Vampiric Draining
  2032 | D:2      | Reached skill level 1 in Fighting
  2048 | D:2      | Noticed Sigmund
  2068 | D:2      | Mangled by Sigmund

Illustrated notes

Levels and vault maps discovered:
D:1:      lightli_arrival_quake, layout_loops_corners, minmay_tripent
D:2:      layout_basic, ebering_ecumenical_altar_hall, serial_glass,
          glass_columns_b, glass_columns_a, chequers_serial_rivers_micro_d,
          uniq_sigmund

Skill      XL: |  1  2  3 |
---------------+----------+-----
Fighting       | 1 |  1.0
Short Blades   | |  0.4
Armour         | |  0.4
Dodging        | |  2.2
Stealth        | |  2.3
Spellcasting   | |  2.0
Necromancy     | |  4.4

Action                     || total
---------------------------++-------
  Melee: Dagger            ||    69
         Unarmed           ||    10
         Punch             ||     1
         Short sword       ||    63
   Cast: Necrotise         ||     5
    Use: Scroll            ||     2
         Potion            ||     1
   Stab: Sleeping          ||     5
 Armour: Robe              ||    18
         Ring mail         ||    40
         Leather armour    ||    16
  Dodge: Dodged            ||    75

Table legend: (Time is in decaauts)
 A = Elapsed time spent in this place.
 B = Non-inter-level travel time spent in this place.
 C = Inter-level travel time spent in this place.
 D = Time resting spent in this place.
 E = Time spent auto-exploring this place.
 F = Levels seen in this place.
 G = Mean time per level.
                   A        B        C        D        E       F      G
               +--------+--------+--------+--------+--------+-----+--------+
         Total |   2047 |    791 |   1256 |    383 |      0 |   2 | 1023.5 |
       Dungeon |   2047 |    791 |   1256 |    383 |      0 |   2 | 1023.5 |
               +--------+--------+--------+--------+--------+-----+--------+

Top non-repeatable levels by time:
     D:1: 1688 daAuts
     D:2: 359 daAuts
